 Dungeon Crawl Stone Soup version 0.26-a0-667-g92642533e4 (webtiles) character file.

Game seed: 16613808891411487749

625 Peloso the Slasher (level 7, -1/61 HPs)
             Began as a Minotaur Fighter on Oct 18, 2020.
             Slain by an orc warrior
             ... wielding a +0 battleaxe
              (14 damage)
             ... on level 8 of the Dungeon.
             The game lasted 00:08:19 (4983 turns).

Peloso the Slasher (Minotaur Fighter)               Turns: 4983, Time: 00:08:19

Health: -1/61      AC: 11    Str: 21    XL:     7   Next: 23%
Magic:  6/6        EV:  6    Int:  5    God:
Gold:   214        SH: 15    Dex: 11    Spells: 6/6 levels left

rFire    + . .     SeeInvis .   a - +0 long sword
rCold    . . .     Faith    .   c - +0 kite shield
rNeg     + . .     Spirit   .   s - +0 chain mail
rPois    .         Reflect  +   (helmet restricted)
rElec    .         Harm     .   o - +0 cloak
rCorr    .         Rampage  .   (no gloves)
MR       .....                  (no boots)
Stlth    ..........             r - amulet of reflection
HPRegen  0.20/turn              e - ring of protection from fire
MPRegen  0.10/turn              p - ring of positive energy

@: no status effects
A: retaliatory headbutt, horns 2
a: no special abilities


You were on level 8 of the Dungeon.
You visited 1 branch of the dungeon, and saw 7 of its levels.

You collected 214 gold pieces.

Inventory:

Hand Weapons
 a - a +0 long sword (weapon)
Armour
 b - a +0 scale mail
 c - a +0 kite shield (worn)
 o - a +0 cloak (worn)
 s - a +0 chain mail (worn)
Jewellery
 e - a ring of protection from fire (left hand)
 p - a ring of positive energy (right hand)
 r - an amulet of reflection (around neck)
Scrolls
 g - a scroll of remove curse
 h - 2 scrolls of identify
 i - 2 scrolls of enchant weapon
 m - 2 scrolls of teleportation {unknown}
 n - a scroll of magic mapping {unknown}
Potions
 d - 3 potions of might
 f - a potion of brilliance
 j - a potion of haste {unknown}
 k - a potion of mutation {unknown}
 l - a potion of heal wounds
 q - a potion of cancellation {unknown}


   Skills:
 + Level 5.3 Fighting
 + Level 6.0 Long Blades
 + Level 5.9 Armour
 + Level 1.6 Dodging
 + Level 0.2 Stealth
 + Level 5.1 Shields


You had 6 spell levels left.
You didn't know any spells.
Your spell library was empty.

Dungeon Overview and Level Annotations

Branches:
Dungeon (8/15)
 Temple: D:4-7         Lair: D:8-11

Altars:
Ashenzari
Nemelex Xobeh
Sif Muna
Vehumet
Wu Jian

Annotations:
D:3 2 transporters, Necrophagist's ghost, amateur DrIE


Innate Abilities, Weirdness & Mutations

You reflexively headbutt those who attack you in melee.
You have a pair of horns on your head.


Message History

You barely miss the orc warrior.
The orc warrior is heavily wounded.
The orc warrior hits you with a +0 battleaxe!
You hit the orc warrior. Your headbutt misses the orc warrior.
The orc warrior is severely wounded.
The orc warrior hits you with a +0 battleaxe!!
* * * LOW HITPOINT WARNING * * *
You closely miss the orc warrior.
The orc warrior is severely wounded.
You block the orc warrior's attack.
You barely miss the orc warrior.
The orc warrior is severely wounded.
You closely miss the orc warrior.
You headbutt the orc warrior, but do no damage.
The orc warrior is severely wounded.
You block the orc warrior's attack.
You hit the orc warrior.
The orc warrior is severely wounded.
The orc warrior hits you with a +0 battleaxe!
You die...

#.# #.# #.# #.#
#.# # #.#######
#.##.#####........
#..........o#
####.######@# #
#.# ..# ####


You could see an orc warrior.

Vanquished Creatures
  An ogre (D:4)
  A centaur (D:4)
  A howler monkey (D:4)
  A hound (D:5)
  2 orc priests (D:4)
  A centaur skeleton (D:4)
  4 worker ants
  4 gnolls
  8 adders
  4 dart slugs
  9 leopard geckos
  10 orcs
  A giant cockroach (D:1)
  5 goblins
  2 hobgoblins
  8 jackals (D:1)
  2 quokkas
  A ball python (D:4)
  7 bats
  2 frilled lizards
  7 kobolds
  3 rats
84 creatures vanquished.

Vanquished Creatures (others)
  6 plants (D:3)
6 creatures vanquished.

Grand Total: 90 creatures vanquished

Notes
Turn   | Place    | Note
-------+----------+-------------------------------------------
     0 | D:1      | Peloso the Minotaur Fighter began the quest for the Orb.
     0 | D:1      | Reached XP level 1. HP: 19/19 MP: 0/0
   217 | D:1      | Reached XP level 2. HP: 27/27 MP: 1/1
   390 | D:1      | Reached XP level 3. HP: 29/33 MP: 2/2
   906 | D:2      | Reached skill level 3 in Long Blades
  1052 | D:2      | Found a shimmering blue altar of Sif Muna.
  1170 | D:2      | Reached skill level 1 in Dodging
  1170 | D:2      | Reached XP level 4. HP: 35/40 MP: 3/3
  2342 | D:2      | Reached XP level 5. HP: 21/47 MP: 4/4
  2676 | D:3      | Found a radiant altar of Vehumet.
  2703 | D:3      | Found a transporter.
  2724 | D:3      | Noticed Necrophagist's ghost (amateur DrIE)
  2759 | D:3      | Found a transporter.
  2789 | D:3      | Identified the cursed +3 spear of the Rattlesnake {vamp,
                  | *Rage rF+ Int+4}
  3290 | D:4      | Reached skill level 5 in Armour
  3472 | D:4      | Reached skill level 4 in Long Blades
  3796 | D:4      | Reached skill level 5 in Fighting
  3796 | D:4      | Reached XP level 6. HP: 34/56 MP: 5/5
  3976 | D:4      | Reached skill level 5 in Shields
  4016 | D:4      | Found a broken altar of Ashenzari.
  4043 | D:4      | Reached skill level 5 in Long Blades
  4535 | D:4      | Reached XP level 7. HP: 51/61 MP: 6/6
  4588 | D:4      | Found an ornate altar of the Wu Jian Council.
  4675 | D:5      | Entered Level 5 of the Dungeon
  4800 | D:5      | Reached skill level 6 in Long Blades
  4947 | D:5      | You fall into a shaft and drop 3 floors!
  4959 | D:7      | Found a sparkling altar of Nemelex Xobeh.
  4983 | D:8      | Slain by an orc warrior

Illustrated notes

Levels and vault maps discovered:
D:1:      eino_arrival_cavern_a, layout_basic, minmay_misc_feat_rugged
D:2:      layout_loops_corners, lemuel_doored_altar, serial_glass,
          glass_columns_b, glass_columns_a, feat_on_display, feat_on_display
D:3:      layout_basic, lemuel_crystal_altar, gammafunk_ghost_gnarly_gnolls,
          hangedman_decor_clover_reticule
D:4:      minmay_chambers_of_twos, layout_basic, old_standard_altar,
          marbit_many_paths, serial_corexii_hall, corexii_hall_statues_x,
          chequers_hall_statues_corner_a, chequers_hall_statues_y,
          chequers_hall_statues_y, minmay_misc_feat_rows
D:5:      layout_basic, grunt_gozag_breadcrumbs,
          minmay_temple_entry_antechambers
D:7:      layout_gridville, nemelex_xobeh_ov_fountains_minmay, worms_lemuel
D:8:      layout_loops_ring, ebering_ghost_reflecting_pool

Skill      XL: |  1  2  3  4  5  6  7 |
---------------+----------------------+-----
Armour         | 4 5 |  5.9
Fighting       | 4 5 |  5.3
Long Blades    | 3 4 5 6 |  6.0
Dodging        | 1 |  1.6
Shields        | 4 5 |  5.1
Stealth        | |  0.2

Action                   |  1- 3 |  4- 6 |  7- 9 || total
-------------------------+-------+-------+-------++-------
Melee: Long sword        |    92 |   110 |    51 ||   253
       Headbutt          |    11 |    24 |     7 ||    42
  Use: Potion            |     3 |       |       ||     3
       Scroll            |       |     3 |       ||     3
Armor: Scale mail        |    45 |    49 |    11 ||   105
       Chain mail        |       |       |     3 ||     3
Dodge: Dodged            |    26 |    43 |    13 ||    82
Block: Kite shield       |    53 |    62 |    23 ||   138
       Rpst.: Long sword |     8 |    16 |     4 ||    28

Table legend: (Time is in decaauts)
 A = Elapsed time spent in this place.
 B = Non-inter-level travel time spent in this place.
 C = Inter-level travel time spent in this place.
 D = Time resting spent in this place.
 E = Time spent auto-exploring this place.
 F = Levels seen in this place.
 G = Mean time per level.
                   A        B        C        D        E       F      G
               +--------+--------+--------+--------+--------+-----+--------+
         Total |   5057 |   4953 |    104 |    414 |   3636 |   7 |  722.4 |
       Dungeon |   5057 |   4953 |    104 |    414 |   3636 |   7 |  722.4 |
               +--------+--------+--------+--------+--------+-----+--------+

Top non-repeatable levels by time:
     D:4: 1621 daAuts
     D:2: 1390 daAuts
     D:3: 937 daAuts
     D:1: 792 daAuts
     D:5: 277 daAuts
     D:8: 23 daAuts
     D:7: 14 daAuts
